 Dungeon Crawl Stone Soup version 0.29.1-1-gd02db6906a (webtiles) character file.

Game seed: 17379989160009854439

1 KennySheep the Trooper (level 1, -2/24 HPs)
             Began as an Ogre Abyssal Knight on Oct 11, 2022.
             Was a Believer of Lugonu.
             Slain by a kobold
             ... wielding a +4 dagger
              (3 damage)
             ... on level 1 of the Dungeon.
             The game lasted 00:01:10 (377 turns).

KennySheep the Trooper (Ogre Abyssal Knight)         Turns: 377, Time: 00:01:11

Health: -2/24      AC:  3    Str: 16    XL:     1   Next: 20%
Magic:  2/2        EV: 10    Int: 11    God:    Lugonu [**....]
Gold:   14         SH:  0    Dex:  9    Spells: 0/0 levels left

rFire   . . .      SeeInvis .   a - +1 mace
rCold   . . .      Faith    .   (no shield)
rNeg    . . .      Spirit   .   b - +0 robe
rPois   .          Reflect  .   (helmet restricted)
rElec   .          Harm     .   (no cloak)
rCorr   .          Rampage  .   (gloves unavailable)
Will    .....                   (boots unavailable)
Stlth   +.........              (no amulet)
HPRegen 0.08/turn               (no ring)
MPRegen 0.08/turn               (no ring)

@: no status effects
A: large, unfitting armour, tough skin 1
a: Renounce Religion, Depart the Abyss, Bend Space


You were on level 1 of the Dungeon.
You worshipped Lugonu.
Lugonu was pleased with you.
You visited 1 branch of the dungeon, and saw 1 of its levels.
You visited the Abyss 1 time.

You collected 14 gold pieces.

Inventory:

Hand Weapons
 a - a +1 mace (weapon)
Armour
 b - a +0 robe (worn)
Potions
 c - a potion of heal wounds {unknown}


   Skills:
 + Level 4.0 Fighting
 * Level 1.8 Maces & Flails
 - Level 2.1 Dodging
 + Level 2.0 Invocations


You couldn't memorise any spells.
You didn't know any spells.
Your spell library was empty.

Dungeon Overview and Level Annotations

Branches:
Dungeon (1/15)

Altars:


Innate Abilities, Weirdness & Mutations

You are too large for most types of armour.
You have tough skin. (AC +1)


Message History

You are too injured to fight recklessly!
You are too injured to fight recklessly!
You are too injured to fight recklessly!
You are too injured to fight recklessly!
You are too injured to fight recklessly!
You are too injured to fight recklessly!
You completely miss the kobold.
The kobold is severely wounded.
The kobold hits you with a +4 dagger. The kobold hits you but does no damage.
You hit the kobold but do no damage.
The kobold is moderately wounded.
The kobold completely misses you.
You miss the kobold.
The kobold is moderately wounded.
The kobold barely misses you.
You hit the kobold but do no damage.
The kobold is moderately wounded.
The kobold hits you with a +4 dagger. The kobold barely misses you.
You closely miss the kobold. Your punch misses the kobold.
The kobold is moderately wounded.
The kobold hits you but does no damage.
You closely miss the kobold.
The kobold is moderately wounded.
The kobold barely misses you.
You closely miss the kobold.
The kobold is moderately wounded.
The kobold hits you with a +4 dagger!
* * * LOW HITPOINT WARNING * * *
The kobold barely misses you.
Okay, then.
You are too injured to fight recklessly!
You are too injured to fight recklessly!
You closely miss the kobold.
The kobold is moderately wounded.
The kobold hits you with a +4 dagger.
* * * LOW HITPOINT WARNING * * *
You hit the kobold.
The kobold is moderately wounded.
The kobold hits you with a +4 dagger.
You die...

...# #......#
#.......># ####
#####.##
####...### # #.#
#...# ##+# ##.##
##...# #.# #.....#
##.# .......##
##..#
........####...##
.......KK@......#
........####.###.#
.......## #.# .#
#.....# #.# #
##...# ##. ##+# .
.# .#


You could see 2 kobolds.

Vanquished Creatures
  A goblin (D:1)
1 creature vanquished.

Notes
Turn   | Place    | Note
-------+----------+-------------------------------------------
     0 | Abyss:1  | KennySheep the Ogre Abyssal Knight began the quest for the
                  | Orb.
     0 | Abyss:1  | Reached XP level 1. HP: 24/24 MP: 2/2
   252 | Abyss:1  | Noticed a purple draconian shifter
   268 | Abyss:1  | Noticed a freezing wraith
   276 | D:1      | Escaped the Abyss
   276 | D:1      | Found a faded altar of an unknown god.
   376 | D:1      | HP: 1/24 [kobold/+4 dagger (1)]
   377 | D:1      | Slain by a kobold

Illustrated notes

Levels and vault maps discovered:
D:1:      spicycebolla_arrival_ecumenical, layout_loops_corners

Action                   || total
-------------------------++-------
Melee: Mace              ||    15
Invok: Depart the Abyss  ||     1
Armor: Robe              ||     6
Dodge: Dodged            ||     8
